 Dungeon Crawl Stone Soup version 0.27-a0-1416-g941b2bd30b (webtiles) character file.

Game seed: 11841355244573013355

35 pokeman the Magician (level 3, -2/20 HPs)
             Began as a Deep Elf Hedge Wizard on July 1, 2021.
             Slain by a hobgoblin (3 damage)
             ... led by Robin
             ... on level 2 of the Dungeon.
             The game lasted 00:02:35 (1289 turns).

pokeman the Magician (Deep Elf Hedge Wizard)        Turns: 1289, Time: 00:02:37

Health: -2/20      AC:  2    Str:  7    XL:     3   Next: 16%
Magic:  0/11       EV: 12    Int: 19    God:
Gold:   53         SH:  0    Dex: 14    Spells: 1/12 levels left

rFire    . . .     SeeInvis .   a - +0 dagger
rCold    . . .     Faith    .   (no shield)
rNeg     . . .     Spirit   .   b - +0 robe
rPois    .         Reflect  .   c - +0 hat
rElec    .         Harm     .   (no cloak)
rCorr    .         Rampage  .   (no gloves)
Will     .....                  (no boots)
Stlth    ++........             (no amulet)
HPRegen  0.06/turn              (no ring)
MPRegen  0.12/turn              (no ring)

@: no status effects
A: no striking features
a: no special abilities


You were on level 2 of the Dungeon.
You visited 1 branch of the dungeon, and saw 2 of its levels.

You collected 53 gold pieces.

Inventory:

Hand Weapons
 a - a +0 dagger (weapon)
Armour
 b - a +0 robe (worn)
 c - a +0 hat (worn)
Jewellery
 h - a ring of poison resistance
Scrolls
 d - a scroll of silence {unknown}
 e - a scroll of blinking {unknown}
 f - 2 scrolls of enchant weapon {unknown}
Potions
 g - a potion of curing {unknown}


   Skills:
 + Level 0.9 Fighting
 + Level 0.7 Armour
 - Level 2.4 Dodging
 - Level 2.4 Stealth
 * Level 5.1 Spellcasting
 + Level 1.7 Conjurations
 - Level 1.1 Summonings
 - Level 1.1 Translocations


You had one spell level left.
You knew the following spells:

 Your Spells              Type           Power      Damage    Failure   Level
a - Magic Dart            Conj           44%        1d5       6%          1
b - Mephitic Cloud        Conj/Pois/Air  7%         N/A       28%         3
c - Call Imp              Summ           9%         N/A       12%         2
d - Blink                 Tloc           N/A        N/A       12%         2
e - Conjure Flame         Conj/Fire      8%         6-21      26%         3

Your spell library contained the following spells:

 Spells                   Type           Power      Damage    Failure   Level
 Slow                     Hex            4%         N/A       19%         2


Dungeon Overview and Level Annotations

Branches:
Dungeon (2/15)

Altars:

Annotations:
D:2 Robin


Message History

Press: ? - help, Shift-Dir - straight line, f - hobgoblin, p - Robin
Aim: a hobgoblin (100% to hit)
The magic dart hits the hobgoblin.
The hobgoblin is severely wounded.
The hobgoblin misses you.
Casting: Magic Dart (safe; 6% risk of failure)
Confirm with . or Enter, or press ? or * to list all spells.
Aiming: Magic Dart (safe; 6% risk of failure)
Press: ? - help, Shift-Dir - straight line, f/p - hobgoblin
Aim: a hobgoblin (severely wounded, 100% to hit)
The magic dart hits the hobgoblin but does no damage.
The hobgoblin is severely wounded.
The hobgoblin hits you. Robin hits you with a +0 club.
Unknown command.
You hit the hobgoblin but do no damage.
The hobgoblin is severely wounded.
The hobgoblin barely misses you.
Robin cries, "My head!
MY HEAD!!!"
Robin closely misses you.
You hit the hobgoblin.
The hobgoblin is almost dead.
The hobgoblin barely misses you.
You barely miss the hobgoblin.
The hobgoblin is almost dead.
The hobgoblin hits you.
* * * LOW HITPOINT WARNING * * *
You barely miss the hobgoblin.
The hobgoblin is almost dead.
Robin hits you with a +0 club.
* * * LOW HITPOINT WARNING * * *
The hobgoblin misses you.
Casting: Magic Dart (safe; 6% risk of failure)
Confirm with . or Enter, or press ? or * to list all spells.
Aiming: Magic Dart (safe; 6% risk of failure)
Press: ? - help, Shift-Dir - straight line, f/p - hobgoblin
Aim: a hobgoblin (heavily wounded, 100% to hit)
The magic dart hits the hobgoblin but does no damage.
The hobgoblin is heavily wounded.
The hobgoblin hits you.
You die...

#.#...#.#.# #.......#.####
#.#..........#
#.##.##.#.##.# ##
#.##.##.#.##.# ..
#.......).##g# #.
#....†..####.# ##.
###.g.### #.#
##...##..@..## #g########
#.....<...g..# #...g..g.#
...............###....###..
...............+......).†).
..#............###....###.#
. ##.##.......## ##...# #.#
## ##.....## #.#.###.#
##...## #.#.....# #+##
#.......#


You could see Robin (confused) and a hobgoblin.

Vanquished Creatures
  An adder (D:2)
  An orc (D:2)
  A ball python (D:1)
  2 endoplasms (D:1)
  8 goblins
  4 hobgoblins (D:2)
  A bat (D:1)
  A kobold (D:1)
  3 rats (D:1)
  A toadstool (D:1)
23 creatures vanquished.

Vanquished Creatures (others)
  3 toadstools (D:1)
3 creatures vanquished.

Grand Total: 26 creatures vanquished

Notes
Turn   | Place    | Note
-------+----------+-------------------------------------------
     0 | D:1      | pokeman the Deep Elf Hedge Wizard began the quest for the
                  | Orb.
     0 | D:1      | Reached XP level 1. HP: 10/10 MP: 7/7
   583 | D:1      | Reached XP level 2. HP: 16/16 MP: 3/9
   961 | D:2      | Reached skill level 5 in Spellcasting
  1080 | D:2      | Noticed Robin
  1085 | D:2      | Reached XP level 3. HP: 18/20 MP: 5/11
  1226 | D:1      | Learned a level 3 spell: Mephitic Cloud
  1229 | D:1      | Learned a level 2 spell: Call Imp
  1232 | D:1      | Learned a level 2 spell: Blink
  1236 | D:1      | Learned a level 3 spell: Conjure Flame
  1287 | D:2      | HP: 1/20 [Robin (5)]
  1289 | D:2      | Slain by a hobgoblin

Illustrated notes

Levels and vault maps discovered:
D:1:      ldierk_water_garden, layout_basic
D:2:      layout_loops_corners, uniq_robin

Skill      XL: |  1  2 |
---------------+-------+-----
Spellcasting   | 5 |  5.1
Fighting       | |  0.9
Armour         | |  0.7
Dodging        | |  2.4
Stealth        | |  2.4
Conjurations   | |  1.7
Summonings     | |  1.1
Translocations | |  1.1

Action                   || total
-------------------------++-------
Melee: Dagger            ||    19
 Cast: Magic Dart        ||    62
       Mephitic Cloud    ||     1
 Stab: Confused          ||     1
Armor: Robe              ||     4
Dodge: Dodged            ||    28

Table legend: (Time is in decaauts)
 A = Elapsed time spent in this place.
 B = Non-inter-level travel time spent in this place.
 C = Inter-level travel time spent in this place.
 D = Time resting spent in this place.
 E = Time spent auto-exploring this place.
 F = Levels seen in this place.
 G = Mean time per level.
                   A        B        C        D        E       F      G
               +--------+--------+--------+--------+--------+-----+--------+
         Total |   1289 |   1269 |     20 |    195 |    879 |   2 |  644.5 |
       Dungeon |   1289 |   1269 |     20 |    195 |    879 |   2 |  644.5 |
               +--------+--------+--------+--------+--------+-----+--------+

Top non-repeatable levels by time:
     D:1: 925 daAuts
     D:2: 364 daAuts
